 Dungeon Crawl Stone Soup version 0.20.1-1-g8b1a95d (webtiles) character file.

14734 vatarom the Quickloader (level 11, -4/92 HPs)
             Began as a Demonspawn Hunter on Sept 23, 2017.
             Was a High Priest of Okawaru.
             Slain by a yak (9 damage)
             ... on level 2 of the Lair of Beasts.
             The game lasted 00:30:45 (10811 turns).

vatarom the Quickloader (Demonspawn Hunter)        Turns: 10811, Time: 00:30:45

Health: -4/92      AC:  7    Str: 17    XL:     11   Next: 92%
Magic:  0/14       EV: 17    Int: 14    God:    Okawaru [*****.]
Gold:   666        SH:  0    Dex: 13    Spells: 10/10 levels left

rFire    + . .     SeeInvis +   y - +9 staff of Olgreb {rPois}
rCold    + . .     Gourm    .   (no shield)
rNeg     + . .     Faith    .   j - +0 leather armour of Death Resistance {rPois rF+ rN+ Int+2}
rPois    ∞         Spirit   +   (helmet unavailable)
rElec    .         Reflect  .   (no cloak)
rCorr    .         Harm     .   (no gloves)
MR       .....                  A - +0 pair of boots
Stlth    +.........             E - amulet of regeneration
Regen    0.7/turn               C - ring of poison resistance
MPRegen  0.2/turn               b - +4 ring of evasion

@: slowed, very slow
A: antennae 3, yellow scales 2, cold resistance 1, magic shield, freezing cloud
immunity
a: Heroism, Finesse, Renounce Religion


You were on level 2 of the Lair of Beasts.
You worshipped Okawaru.
Okawaru was extremely pleased with you.
You were not hungry.

You visited 3 branches of the dungeon, and saw 13 of its levels.

You collected 666 gold pieces.

Inventory:

Hand Weapons
 a - a +2 hand crossbow
 w - the +3 short sword of the Forsaken Spirits {pierce, Int+3}
   (You found it on level 5 of the Dungeon)

   It inflicts extra damage upon your enemies.
   It affects your intelligence (+3).
 y - the +9 staff of Olgreb (weapon) {rPois}
   (You found it on level 10 of the Dungeon)

   It protects you from poison.
 G - a +0 arbalest
Missiles
 d - 149 bolts
 q - a throwing net (quivered)
Armour
 j - the +0 leather armour of Death Resistance (worn) {rPois rF+ rN+ Int+2}
   (You found it on level 4 of the Dungeon)

   It affects your intelligence (+2).
   It protects you from fire.
   It protects you from poison.
   It protects you from negative energy.
 A - a +0 pair of boots (worn)
Jewellery
 b - a +4 ring of evasion (right hand)
 l - an uncursed ring of magical power
 o - an uncursed amulet of magic regeneration
 B - an uncursed ring of fire
 C - a ring of poison resistance (left hand)
 E - an amulet of regeneration (around neck)
Wands
 i - a wand of flame (29/48)
 r - a wand of random effects (14/48)
Scrolls
 h - 8 scrolls of identify
 n - 2 scrolls of recharging
 p - 5 scrolls of magic mapping
 s - 3 scrolls of amnesia
 u - 4 scrolls of remove curse
 D - a scroll of fog
 H - a scroll of enchant armour {unknown}
Potions
 c - a potion of agility
 e - a potion of mutation {unknown}
 k - a potion of magic
 v - a potion of brilliance
 x - 2 potions of ambrosia
Comestibles
 f - 7 bread rations
 g - 5 royal jellies
 m - 5 meat rations
 t - 3 fruits


   Skills:
 - Level 10.8 Fighting
 * Level 2.2 Staves
 + Level 11.8 Crossbows
 - Level 4.1 Armour
 - Level 4.2 Dodging
 - Level 0.8 Stealth
   Level 5.1 Shields
 + Level 5.2 Evocations


You had 10 spell levels left.
You didn't know any spells.

Dungeon Overview and Level Annotations

Branches:
Dungeon (10/15)            Temple (1/1) D:6            Lair (2/6) D:10
    Orc (0/2) D:9
  Swamp: Lair:2-4    Shoals: Lair:2-4     Snake: Lair:2-4    Spider: Lair:2-4

Altars:
Ashenzari
Cheibriados
Dithmenos
Elyvilon
Fedhas
Gozag
Hepliaklqana
Kikubaaqudgha
Makhleb
Nemelex Xobeh
Okawaru
Qazlal
Ru
Sif Muna
Trog
Uskayaw
Vehumet
Xom
Yredelemnul
Zin
The Shining One

Annotations:
D:10 1 runed door


Innate Abilities, Weirdness & Mutations

You have a pair of large antennae on your head. (SInv)
You are mostly covered in yellow scales. (AC +3)
Your flesh is cold resistant. (rC+)
When hurt, damage is shared between your health and your magic reserves.
You are immune to freezing clouds.


Message History

You don't have enough magic at the moment.
Unknown command.
Being near the torpor snail leaves you feeling lethargic.
A yak comes into view.
The yak bellows!
The yak gores you.
* * * LOW HITPOINT WARNING * * *
The yak misses you. The yak gores you!
* * * LOW HITPOINT WARNING * * *
Found a scroll of fear.
The yak misses you. The yak closely misses you. The yak completely misses you.
The yak gores you!
* * * LOW HITPOINT WARNING * * *
A crocodile comes into view.
The yak misses you. The yak gores you.
* * * LOW HITPOINT WARNING * * *
You feel better. The yak gores you.
* * * LOW HITPOINT WARNING * * *
The yak gores you!
You die...

#. .# .#
##t# ...#
#..# ..#
##..##
##...#
#Y@YY##P#..#
##YY.##....#
#.YYY...#
#.wYD...#
#.......#
##.....Y.#
#........##
#####..<..#
###....#


You could see a four-headed hydra, a torpor snail, 10 yaks and a crocodile.

Vanquished Creatures
  Snorg (D:10)
  Erolcha (D:10)
  A two-headed ogre (D:9)
  Pikel (D:4)
  A manticore (D:10)
  Joseph (D:10)
  A komodo dragon (Lair:1)
  A rime drake (D:10)
  Prince Ribbit (D:5)
  The ghost of Ymberti the Firebug, an amateur DEFE (D:4)
  A spriggan (D:7)
  A wyvern (D:9)
  10 yaks
  A warg (D:9)
  4 soldier ants (D:10)
  3 water moccasins (D:10)
  A floating eye (D:9)
  6 orc warriors
  2 ice beasts
  5 phantoms
  A hornet zombie (D:5)
  2 eyes of draining (D:9)
  6 sky beasts
  8 ogres
  6 centaurs
  4 wolves
  3 crocodiles
  8 bullfrogs
  A wyvern skeleton (D:10)
  3 scorpions
  14 killer bees
  A howler monkey (D:5)
  16 wights
  7 crimson imps
  2 bullfrog zombies
  4 jellies
  9 orc priests
  A bullfrog skeleton (D:9)
  5 hounds
  Ijyb (D:3)
  Natasha (twice) (D:2)
  3 iguanas
  9 orc wizards
  17 worker ants
  A killer bee zombie (D:7)
  A hound zombie (D:6)
  A worker ant zombie (D:8)
  Robin (D:2)
  4 gnolls (D:6)
  13 adders
  A shadow imp (D:9)
  An ooze (D:3)
  An adder zombie (D:4)
  An adder skeleton (D:10)
  3 worms
  2 dart slugs (D:3)
  6 leopard geckos
  44 orcs
  2 ball pythons (D:3)
  7 giant cockroaches
  19 goblins
  9 hobgoblins
  13 jackals
  3 quokkas
  4 bats
  4 frilled lizards
  5 kobolds
  A leopard gecko skeleton (D:4)
  13 rats
337 creatures vanquished.

Vanquished Creatures (others)
  A slave (D:4)
1 creature vanquished.

Grand Total: 338 creatures vanquished

Notes
Turn   | Place    | Note
-------+----------+-------------------------------------------
     0 | D:1      | vatarom the Demonspawn Hunter began the quest for the Orb.
     0 | D:1      | Reached XP level 1. HP: 16/16 MP: 1/1
   161 | D:1      | Reached skill level 4 in Crossbows
   190 | D:1      | Gained mutation: You are partially covered in yellow scales. (AC +2) [demonic ancestry]
   190 | D:1      | Reached XP level 2. HP: 22/22 MP: 2/2
   493 | D:2      | Found a shattered altar of Ashenzari.
   547 | D:2      | Gained mutation: Your flesh is cold resistant. (rC+) [demonic ancestry]
   547 | D:2      | Reached XP level 3. HP: 25/27 MP: 3/3
   637 | D:2      | Noticed Natasha
   645 | D:2      | Killed Natasha
   760 | D:2      | Gained mutation: You have a pair of small antennae on your head. [demonic ancestry]
   760 | D:2      | Reached XP level 4. HP: 34/34 MP: 4/4
   791 | D:2      | Noticed Robin
   796 | D:2      | Reached skill level 5 in Crossbows
   800 | D:2      | Killed Robin
  1208 | D:2      | Noticed Natasha
  1213 | D:2      | Killed Natasha
  1277 | D:2      | Gained mutation: When hurt, damage is shared between your health and your magic reserves. [demonic ancestry]
  1277 | D:2      | Reached XP level 5. HP: 39/41 MP: 5/5
  2033 | D:3      | Noticed Ijyb
  2039 | D:3      | Killed Ijyb
  2290 | D:3      | Reached skill level 6 in Crossbows
  2290 | D:3      | Reached XP level 6. HP: 44/47 MP: 6/6
  2416 | D:4      | Got an ancient leather armour
  2417 | D:4      | Identified the cursed +0 leather armour of Death Resistance {rPois rF+ rN+ Int+2} (You found it on level 4 of the Dungeon)
  2663 | D:4      | Noticed Ymberti's ghost (amateur DEFE)
  2669 | D:4      | Killed Ymberti's ghost
  2669 | D:4      | Gained mutation: You are mostly covered in yellow scales. (AC +3) [demonic ancestry]
  2669 | D:4      | Reached XP level 7. HP: 55/55 MP: 7/7
  2698 | D:4      | Noticed Pikel
  2884 | D:4      | Reached skill level 7 in Crossbows
  3110 | D:4      | Killed Pikel
  3110 | D:4      | Reached skill level 5 in Fighting
  3110 | D:4      | Reached skill level 8 in Crossbows
  3110 | D:4      | Reached XP level 8. HP: 30/64 MP: 8/8
  3626 | D:4      | Found a glowing silver altar of Zin.
  3672 | D:5      | Entered Level 5 of the Dungeon
  3748 | D:5      | Found a radiant altar of Vehumet.
  3803 | D:5      | Reached skill level 9 in Crossbows
  3924 | D:5      | Found a deep blue altar of Sif Muna.
  3968 | D:5      | Got a crystal short sword
  3969 | D:5      | Identified the cursed +3 short sword of the Forsaken Spirits {pierce, Int+3} (You found it on level 5 of the Dungeon)
  4044 | D:5      | Noticed Prince Ribbit
  4048 | D:5      | Killed Prince Ribbit
  4335 | D:6      | Gained mutation: You have a pair of antennae on your head. [demonic ancestry]
  4335 | D:6      | Reached XP level 9. HP: 53/71 MP: 6/9
  4501 | D:6      | Reached skill level 10 in Crossbows
  4576 | D:6      | Found a glowing golden altar of the Shining One.
  4596 | D:6      | Found a staircase to the Ecumenical Temple.
  4607 | Temple   | Entered the Ecumenical Temple
  4900 | D:6      | Found a hide-covered altar of Uskayaw.
  4903 | D:6      | Reached skill level 1 in Armour
  5469 | D:7      | Found an iron altar of Okawaru.
  5472 | D:7      | Became a worshipper of Warmaster Okawaru
  5829 | D:7      | Reached * piety under Okawaru
  6045 | D:7      | Gained mutation: You are immune to freezing clouds. [demonic ancestry]
  6045 | D:7      | Reached XP level 10. HP: 75/81 MP: 10/10
  7513 | D:9      | Reached skill level 1 in Shields
  7631 | D:9      | Reached ** piety under Okawaru
  7885 | D:9      | Found a staircase to the Orcish Mines.
  8255 | D:9      | Noticed a two-headed ogre
  8273 | D:9      | Paralysed by a floating eye for 2 turns
  8281 | D:9      | Killed a two-headed ogre
  8281 | D:9      | Reached *** piety under Okawaru
  8287 | D:9      | Received a gift from Okawaru
  8617 | D:9      | Gained mutation: You have a pair of large antennae on your head. (SInv) [demonic ancestry]
  8617 | D:9      | Reached XP level 11. HP: 90/90 MP: 8/11
  8627 | D:9      | Reached skill level 5 in Shields
  8876 | D:10     | Entered Level 10 of the Dungeon
  8907 | D:10     | Reached skill level 1 in Evocations
  8918 | D:10     | Found a staircase to the Lair.
  8929 | D:10     | Reached skill level 11 in Crossbows
  8953 | D:10     | Found a runed gate.
  8975 | D:10     | Found a runed door.
  8986 | D:10     | Found a runed door.
  9031 | D:10     | Found a runed gate.
  9042 | D:10     | Found a runed gate.
  9059 | D:10     | Reached skill level 10 in Fighting
  9105 | D:10     | Reached **** piety under Okawaru
  9218 | D:10     | Noticed Snorg
  9299 | D:10     | Killed Snorg
  9502 | D:10     | Noticed Erolcha
  9512 | D:10     | Killed Erolcha
  9512 | D:10     | Received a gift from Okawaru
  9532 | D:10     | Noticed Joseph
  9548 | D:10     | Killed Joseph
  9977 | D:10     | Reached ***** piety under Okawaru
 10040 | D:10     | Received a gift from Okawaru
 10123 | D:10     | Reached skill level 1 in Staves
 10134 | D:10     | Noticed a green ugly thing
 10332 | Lair:1   | Entered Level 1 of the Lair of Beasts
 10348 | D:10     | Reached skill level 5 in Evocations
 10422 | D:10     | Received a gift from Okawaru
 10746 | Lair:1   | Noticed an eight-headed hydra
 10803 | Lair:2   | Noticed a four-headed hydra
 10809 | Lair:2   | HP: 4/92 [yak (12)]
 10810 | Lair:2   | HP: 1/92 [yak (4)]
 10811 | Lair:2   | Slain by a yak

Skill      XL: |  1  2  3  4  5  6  7  8  9 10 11 |
---------------+----------------------------------+-----
Crossbows      | 4 5 6 8 9 10 11 | 11.8
Fighting       | 3 4 5 6 8 9 10 | 10.8
Dodging        | 3 4 |  4.2
Armour         | 3 4 |  4.1
Shields        | 4 5 |  5.1
Evocations     | 5 |  5.2
Staves         | 2 |  2.2
Stealth        | |  0.8

Action                   |  1- 3 |  4- 6 |  7- 9 | 10-12 || total
-------------------------+-------+-------+-------+-------++-------
Melee: Staff             |       |       |       |    42 ||    42
 Fire: Hand crossbow     |    60 |   138 |   367 |   535 ||  1100
       Arbalest          |       |       |       |    13 ||    13
Throw: Throwing net      |       |       |     1 |       ||     1
Invok: Heroism           |       |       |       |     3 ||     3
Evoke: Wand              |       |       |     1 |     1 ||     2
       Staff of Olgreb   |       |       |       |    18 ||    18
  Use: Scroll            |     5 |     7 |     3 |     4 ||    19
       Potion            |       |     3 |     1 |    13 ||    17
  Eat: Chunk             |       |     3 |     4 |     6 ||    13
       Bread ration      |       |     1 |     1 |     2 ||     4
Armor: Leather armour    |    10 |    11 |    25 |    56 ||   102
Dodge: Dodged            |    11 |    35 |    82 |   270 ||   398
Block: Buckler           |       |       |       |    11 ||    11
